 Dungeon Crawl Stone Soup version 0.27-a0-1065-ge809cff456 (webtiles) character file.

Game seed: 11187014081369883601

66753 robertstho the Severer (level 14, 0/132 HPs)
             Began as a Minotaur Berserker on Apr 22, 2021.
             Was a High Priest of Trog.
             Slain by an orc warrior
             ... wielding a +0 trident
              (13 damage)
             ... on level 2 of the Orcish Mines.
             The game lasted 00:28:11 (20443 turns).

robertstho the Severer (Minotaur Berserker)        Turns: 20443, Time: 00:28:11

Health: 0/132      AC: 29    Str: 31    XL:     14   Next: 80%
Magic:  13/13      EV:  9    Int: 14    God:    Trog [*****.]
Gold:   1309       SH:  0    Dex:  5    Spells: 13/13 levels left

rFire    x . .     SeeInvis .   M - +4 executioner's axe (flame)
rCold    + . .     Faith    .   (shield currently unavailable)
rNeg     . . .     Spirit   .   O - +6 plate armour "Doffugg" {rC+ rCorr Str+5}
rPois    +         Reflect  .   n - +2 hat
rElec    +         Harm     .   I - scarf {+Inv}
rCorr    +         Rampage  .   e - +0 pair of gloves
Will     +++..                  (no boots)
Stlth    ..........             J - amulet "Zubafifa" {Acrobat rElec rF- Int+9 Dex-5}
HPRegen  1.32/turn              d - ring of poison resistance
MPRegen  0.13/turn              E - +4 ring of protection

@: on berserk cooldown, regenerating, slowed, very slow
A: horns 2, retaliatory headbutt
a: Renounce Religion, Evoke Invisibility, Berserk, Trog's Hand, Brothers in Arms


You were on level 2 of the Orcish Mines.
You worshipped Trog.
Trog was extremely pleased with you.
You visited 3 branches of the dungeon, and saw 19 of its levels.

You collected 1764 gold pieces.
You spent 455 gold pieces at shops.

Inventory:

Hand Weapons
 a - the +8 great mace of Gufesek {vorpal, Fragile rC+ Int+3 Stlth+}
   (You took it off an ogre on level 6 of the Dungeon)

   It inflicts extra damage upon your enemies.
   It affects your intelligence (+3).
   It protects you from cold.
   It will be destroyed if unequipped.
   It makes you more stealthy.
 u - a +4 war axe of freezing
 M - a +4 executioner's axe of flaming (weapon)
 R - a +1 broad axe of flaming
 U - the +6 hand axe of Zeshiric {vorpal, +Rage rPois rC++ Int-5}
   (You found it on level 1 of the Lair of Beasts)

   It inflicts extra damage upon your enemies.
   It affects your intelligence (-5).
   It greatly protects you from cold.
   It protects you from poison.
   It lets you go berserk.
Armour
 e - a +0 pair of gloves (worn)
 k - +0 storm dragon scales
 n - a +2 hat (worn)
 C - a +2 kite shield of reflection
 I - a scarf of invisibility (worn)
 O - the +6 plate armour "Doffugg" (worn) {rC+ rCorr Str+5}
   (You found it on level 11 of the Dungeon)

   It affects your strength (+5).
   It protects you from cold.
   It protects you from acid and corrosion.
 P - the +6 chain mail "Werph" {rN+ Dex+4}
   (You found it on level 11 of the Dungeon)

   It affects your dexterity (+4).
   It protects you from negative energy.
Jewellery
 d - a ring of poison resistance (left hand)
 j - an amulet of regeneration
 o - a ring of fire
 E - a +4 ring of protection (right hand)
 H - a ring of flight
 J - the amulet "Zubafifa" (around neck) {Acrobat rElec rF- Int+9 Dex-5}
   (You found it on level 11 of the Dungeon)

   [amulet of the acrobat]

   It increases your evasion while moving and waiting.
   It affects your intelligence (+9).
   It affects your dexterity (-5).
   It makes you vulnerable to fire.
   It insulates you from electricity.
 Z - a ring of resist corrosion
Wands
 g - a wand of iceblast (12)
 h - a wand of mindburst (13)
 w - a wand of digging (6)
 Y - a wand of acid (11)
Scrolls
 f - 3 scrolls of immolation
 l - 4 scrolls of teleportation
 p - 4 scrolls of enchant armour
 r - a scroll of fog
 s - 2 scrolls of acquirement {unknown}
 v - 4 scrolls of magic mapping
 y - 2 scrolls of summoning
 D - 5 scrolls of blinking {unknown}
 K - a scroll of silence
 N - 2 scrolls of enchant weapon
 Q - a scroll of holy word
 V - a scroll of brand weapon
Potions
 c - 5 potions of curing
 i - a potion of attraction
 m - 5 potions of flight {unknown}
 q - a potion of ambrosia {unknown}
 t - a potion of might
 z - 6 potions of haste
 A - 7 potions of mutation
 B - 5 potions of lignification
Miscellaneous
 x - a piece from Xom's chessboard (15/15)
 T - a tin of tremorstones (2/2)
 X - a box of beasts


   Skills:
 + Level 14.1 Fighting
 + Level 19.1 Axes
 + Level 13.6 Armour
 + Level 5.2 Dodging
 + Level 3.2 Stealth
 + Level 12.3 Shields
 + Level 0.1 Evocations


You had 13 spell levels left.
You didn't know any spells.
Your spell library was empty.

Dungeon Overview and Level Annotations

Branches:
Dungeon (11/15)            Temple (0/1) D:5            Lair (6/6) D:11
 Shoals (0/4) Lair:3       Spider (0/4) Lair:3        Slime (0/5) Lair:6
    Orc (2/2) D:10            Elf (0/3) Orc:2

Altars:
Ashenzari
Cheibriados
Elyvilon
Fedhas
Makhleb
Qazlal
Ru
Sif Muna
Trog
Uskayaw
Vehumet
Xom
Zin
The Shining One
Beogh

Shops:
D:6 [   D:8 ?   Orc:2 [

Portals:
Hell: Lair:6

Annotations:
D:10 2 transporters


Innate Abilities, Weirdness & Mutations

You have a pair of horns on your head.
You reflexively headbutt those who attack you in melee.


Message History

Your ogre goes berserk!
The orc warrior hits you from afar with a +0 trident.
* * * LOW HITPOINT WARNING * * *
Unknown command.
The orc warrior no longer looks unusually strong.
Your ogre hits the rust devil with a +0 giant club!!
The rust devil barely misses you. You furiously retaliate!
You headbutt the rust devil, but do no damage.
Your ogre hits the rust devil with a +0 giant club!!
The rust devil dies!
The orc warrior no longer looks unusually strong.
Your ogre barely misses the orc warrior.
The smoke demon gestures at you. Beogh smites you!
* * * LOW HITPOINT WARNING * * *
The orc warrior hits your ogre with a +0 trident!
Your ogre barely misses the orc warrior.
You feel better.
Your ogre barely misses the orc warrior.
The orc warrior hits your ogre with a +0 trident.
Your ogre barely misses the orc warrior.
The orc warrior hits your ogre with a +0 trident!!
You feel better.
Your ogre completely misses the orc warrior.
The orc warrior hits your ogre with a +0 trident!
Your ogre dies!
Your ogre's corpse disappears in a puff of smoke!
Unknown command.
The smoke demon gestures at you.
The sticky flame hits you but does no damage.
You are covered in liquid flames!
The orc knight roars a battlecry!
The orcs go into a battle-frenzy!
Your skin crawls.
You feel strong-willed.
You are covered in liquid flames!
* * * LOW HITPOINT WARNING * * *
You are no longer on fire.
The orc warrior hits you from afar with a +0 trident!
You die...

###...............#.)))).......##
##.............##o).3).......#
###.........####..oo.).....##
###.....### #.....)....## #######
#..oo.......##
#####################oo........#
........#..#................#.##
............#..#..ooo..........#
...........#....@3..o......##..##
......#.#...........o.....###...#
.......##................####..##
......###.......#..##...## #...#
.......###.....########## ##.##
#.##..## ##....# ### #######
###.## ###


You could see 2 orc knights, an orc high priest (strong), a smoke demon
(summoned), 4 orc warriors and an orc priest (strong).

Vanquished Creatures
  2 dire elephants (Lair:6)
  The ghost of vhaine the Severer, a journeyman MiFi of Ashenzari (D:11)
  10 hydras
  A boulder beetle (Lair:6)
  A centaur warrior (D:10)
  2 two-headed ogres (D:11)
  3 death yaks (Lair:5)
  2 orc high priests (Orc:2)
  A sixfirhy (Lair:6)
  A swamp dragon (Lair:5)
  A wizard (Lair:6)
  5 orc knights
  4 oklob plants (Lair:3)
  12 black mambas
  An elephant (Lair:6)
  2 orange demons (Lair:6)
  A smoke demon (Lair:6)
  A gargoyle (D:11)
  10 cane toads
  5 rime drakes
  The ghost of karrick the Magician, a novice DjFE (D:5)
  11 komodo dragons
  3 ice devils (Lair:6)
  A red devil (Lair:6)
  A polar bear (Lair:5)
  Prince Ribbit (D:7)
  3 trolls
  Grinder (D:6)
  The ghost of diblex the Insei, an amateur DsMo (D:5)
  A slime creature (Lair:6)
  20 blink frogs
  7 dream sheep (Lair:4)
  Sigmund (D:5)
  2 shadows (D:10)
  4 wyverns
  64 yaks
  4 basilisks
  A wraith (D:11)
  2 steam dragons
  A warg (Orc:1)
  20 water moccasins
  3 hell hounds (Lair:6)
  3 black bears
  18 orc warriors
  A swamp drake (D:11)
  2 ice beasts
  A necrophage (D:4)
  2 centaurs
  9 ogres
  30 wolves (Lair:2)
  3 phantoms
  9 bullfrogs
  The ghost of noodleboyJ the Sneak, an amateur SpEn (D:3)
  A scorpion (D:7)
  2 gnoll sergeants
  A wyvern zombie (D:6)
  A water moccasin skeleton (D:5)
  3 killer bees (D:9)
  2 troll zombies (D:10)
  5 wights (D:7)
  4 howler monkeys
  4 electric eels
  A quasit (D:6)
  5 hounds
  15 orc priests
  4 centaur zombies
  4 jellies
  2 bullfrog skeletons
  5 iguanas
  6 orc wizards
  19 hell rats
  6 ogre zombies (D:10)
  A hound skeleton (D:3)
  A howler monkey zombie (D:9)
  20 gnolls
  10 river rats (Lair:2)
  8 adders
  A shadow imp (D:5)
  2 ufetubi
  An adder skeleton (D:5)
  2 worms (D:3)
  A dart slug (D:1)
  34 orcs
  4 endoplasms (D:2)
  4 giant cockroaches
  7 hobgoblins
  2 jackals (D:4)
  9 kobolds
  9 quokkas
  12 ball pythons
  5 bats
  A frilled lizard (D:2)
  8 goblins
  3 goblin skeletons
  3 goblin zombies
  2 hobgoblin skeletons (D:10)
  5 hobgoblin zombies
  2 kobold skeletons (D:6)
  4 orc skeletons
  16 orc zombies
  18 rats
583 creatures vanquished.

Vanquished Creatures (collateral kills)
  The ghost of fiver49 the Thaumaturge, a journeyman DjFE of Gozag (D:11)
  The ghost of HilariousDeathArtist the Cruncher, a novice DgGl (D:11)
  The ghost of porpoise the Destroyer, a journeyman DECj of Vehumet (D:11)
  The ghost of kd29 the Changer, a novice DrTm of Sif Muna (D:6)
  The ghost of Demosthentine the Spear-Bearer, a novice MfGl of Zin (D:5)
  2 orc knights
  The ghost of hihot the Magician, a novice DjFE (D:5)
  3 trolls (Orc:1)
  A warg (Orc:1)
  2 orc warriors (Orc:1)
  An ogre (D:6)
  4 orc priests
  An orc wizard (Orc:1)
  The ghost of benadryl the Sneak, a weakling OpDe (D:5)
  7 orcs
28 creatures vanquished.

Vanquished Creatures (others)
  17 fungi
  28 plants
  2 withered plants (D:11)
47 creatures vanquished.

Grand Total: 658 creatures vanquished

Notes
Turn   | Place    | Note
-------+----------+-------------------------------------------
     0 | D:1      | robertstho the Minotaur Berserker began the quest for the
                  | Orb.
     0 | D:1      | Reached XP level 1. HP: 19/19 MP: 0/0
   226 | D:1      | Reached skill level 4 in Axes
   229 | D:1      | Reached XP level 2. HP: 27/27 MP: 1/1
   918 | D:2      | Found a shimmering altar of Xom.
   922 | D:2      | Reached ** piety under Trog
   923 | D:2      | Reached XP level 3. HP: 32/33 MP: 2/2
   957 | D:2      | Reached XP level 4. HP: 31/40 MP: 3/3
  1147 | D:2      | Reached skill level 5 in Axes
  1820 | D:3      | Found a runed translucent door.
  1821 | D:3      | Noticed noodleboyJ's ghost (amateur SpEn)
  1846 | D:3      | Killed noodleboyJ's ghost
  1847 | D:3      | Reached XP level 5. HP: 47/47 MP: 4/4
  1850 | D:3      | Found a runed translucent door.
  1916 | D:3      | Reached skill level 6 in Axes
  2364 | D:3      | Reached *** piety under Trog
  2403 | D:3      | Found a bloodstained altar of Trog.
  2504 | D:3      | Found a sacrificial altar of Ru.
  2853 | D:4      | Noticed a necrophage
  2869 | D:4      | Killed a necrophage
  2870 | D:4      | Reached XP level 6. HP: 54/55 MP: 5/5
  2930 | D:4      | Found a snail-covered altar of Cheibriados.
  2930 | D:4      | Found a burning altar of Makhleb.
  2935 | D:4      | Found a white marble altar of Elyvilon.
  2957 | D:4      | Noticed an orc warrior
  2965 | D:4      | Killed an orc warrior
  2966 | D:4      | Reached skill level 5 in Fighting
  2976 | D:4      | Reached skill level 7 in Axes
  3165 | D:4      | Reached XP level 7. HP: 61/61 MP: 6/6
  3530 | D:5      | Entered Level 5 of the Dungeon
  3551 | D:5      | Reached skill level 5 in Armour
  3594 | D:5      | Reached skill level 8 in Axes
  3615 | D:5      | Found a staircase to the Ecumenical Temple.
  3674 | D:5      | Reached XP level 8. HP: 70/70 MP: 7/7
  3676 | D:5      | Reached **** piety under Trog
  3722 | D:5      | Found a glowing silver altar of Zin.
  3722 | D:5      | Found a shimmering blue altar of Sif Muna.
  3722 | D:5      | Found a hide-covered altar of Uskayaw.
  3820 | D:5      | Noticed Sigmund
  3831 | D:5      | Killed Sigmund
  3832 | D:5      | Reached skill level 9 in Axes
  4095 | D:5      | Found a runed translucent gate.
  4095 | D:5      | Found a runed translucent gate.
  4095 | D:5      | Found a runed translucent gate.
  4126 | D:5      | Noticed Demosthentine's ghost (novice MfGl)
  4126 | D:5      | Noticed hihot's ghost (novice DjFE)
  4127 | D:5      | Noticed karrick's ghost (novice DjFE)
  4127 | D:5      | Noticed benadryl's ghost (weakling OpDe)
  4127 | D:5      | Noticed diblex's ghost (amateur DsMo)
  4397 | D:5      | Killed hihot's ghost
  4398 | D:5      | Reached skill level 1 in Stealth
  4400 | D:5      | Killed karrick's ghost
  4401 | D:5      | Reached skill level 10 in Axes
  4402 | D:5      | Killed diblex's ghost
  4411 | D:5      | Killed Demosthentine's ghost
  4412 | D:5      | Reached XP level 9. HP: 79/79 MP: 8/8
  4413 | D:5      | Killed benadryl's ghost
  4475 | D:6      | Noticed Grinder
  4477 | D:6      | Paralysed by Grinder for 4 turns
  4488 | D:6      | Killed Grinder
  4504 | D:6      | Found a glowing golden altar of the Shining One.
  4580 | D:6      | Found a broken altar of Ashenzari.
  4598 | D:6      | Reached skill level 11 in Axes
  4602 | D:6      | Reached skill level 1 in Shields
  4850 | D:6      | Found Kuedgh's Armour Shop.
  4858 | D:6      | Bought a +2 kite shield of reflection for 203 gold pieces
  4940 | D:6      | Found a transporter.
  4941 | D:6      | Noticed kd29's ghost (novice DrTm)
  4942 | D:6      | Identified the +8 great mace of Gufesek {vorpal, Fragile
                  | rC+ Int+3 Stlth+}
  4948 | D:6      | Found a transporter.
  5293 | D:6      | Killed kd29's ghost
  5457 | D:7      | Reached XP level 10. HP: 81/88 MP: 9/9
  5599 | D:7      | Noticed Prince Ribbit
  5610 | D:7      | Killed Prince Ribbit
  5707 | D:7      | Reached skill level 12 in Axes
  5726 | D:7      | Found a radiant altar of Vehumet.
  6299 | D:8      | Reached skill level 5 in Shields
  6310 | D:8      | Found a stormy altar of Qazlal.
  6827 | D:8      | Found Gaqe's Magic Scroll Emporium.
  6836 | D:8      | Bought a scroll of immolation for 42 gold pieces
  6836 | D:8      | Bought a scroll of noise for 12 gold pieces
  6836 | D:8      | Bought a scroll of identify for 24 gold pieces
  6836 | D:8      | Bought a scroll of silence for 90 gold pieces
  6836 | D:8      | Bought 2 scrolls of magic mapping for 84 gold pieces
  6887 | D:8      | Found a blossoming altar of Fedhas.
  7030 | D:9      | You fall into a shaft and drop 2 floors!
  7037 | D:11     | Found a runed translucent gate.
  7038 | D:11     | Found a runed translucent gate.
  7038 | D:11     | Found a runed translucent gate.
  7039 | D:11     | Noticed fiver49's ghost (journeyman DjFE)
  7039 | D:11     | Noticed vhaine's ghost (journeyman MiFi)
  7041 | D:11     | Noticed HilariousDeathArtist's ghost (novice DgGl)
  7041 | D:11     | Noticed porpoise's ghost (journeyman DECj)
  7060 | D:11     | Noticed a two-headed ogre
  7071 | D:11     | Killed a two-headed ogre
  7268 | D:11     | Identified the amulet "Zubafifa" {Acrobat rElec rF- Int+9
                  | Dex-5}
  7346 | D:11     | Noticed a two-headed ogre
  7354 | D:11     | Killed a two-headed ogre
  7355 | D:11     | Reached skill level 10 in Armour
  7601 | D:11     | Noticed a gargoyle
  7611 | D:11     | Killed a gargoyle
  7612 | D:11     | Reached skill level 13 in Axes
  7612 | D:11     | Reached XP level 11. HP: 91/97 MP: 10/10
  7656 | D:11     | Found a staircase to the Lair.
  8087 | D:11     | Killed porpoise's ghost
  8095 | D:11     | Killed HilariousDeathArtist's ghost
  8098 | D:11     | Killed vhaine's ghost
  8099 | D:11     | Killed fiver49's ghost
  8109 | D:11     | Identified the +6 plate armour "Doffugg" {rC+ rCorr Str+5}
  8113 | D:11     | Identified the +6 chain mail "Werph" {rN+ Dex+4}
  8164 | D:10     | Entered Level 10 of the Dungeon
  8193 | D:10     | Found a staircase to the Orcish Mines.
  8203 | D:10     | Reached skill level 10 in Fighting
  8210 | D:10     | Reached ***** piety under Trog
  8581 | D:10     | Found a transporter.
  8627 | D:10     | Noticed a centaur warrior
  8631 | D:10     | Killed a centaur warrior
  8632 | D:10     | Reached skill level 14 in Axes
  8788 | D:10     | Found a transporter.
  8927 | D:10     | Received a gift from Trog
 10320 | Lair:1   | Entered Level 1 of the Lair of Beasts
 10322 | Lair:1   | You fall into a shaft and drop 1 floor!
 10338 | Lair:2   | Reached XP level 12. HP: 107/108 MP: 11/11
 10543 | Lair:1   | Identified the +6 hand axe of Zeshiric {vorpal, +Rage rPois
                  | rC++ Int-5}
 10747 | Lair:1   | Reached skill level 15 in Axes
 11446 | Lair:2   | Identified the +1 ring mail of the Shining Light {-Cast
                  | -Tele Harm rF+++ SInv}
 11557 | Lair:2   | Noticed a five-headed hydra
 11573 | Lair:2   | Killed a one-headed hydra
 11574 | Lair:2   | Reached skill level 10 in Shields
 11575 | Lair:2   | Received a gift from Trog
 12229 | Lair:3   | Identified the +0 robe "Suap" {Will+ Dex+2}
 12452 | Lair:3   | Found a hole to the Spider Nest.
 12592 | Lair:3   | Noticed a four-headed hydra
 12601 | Lair:3   | Killed a one-headed hydra
 12602 | Lair:3   | Reached skill level 16 in Axes
 12783 | Lair:3   | Found a staircase to the Shoals.
 12973 | Lair:3   | Noticed an eight-headed hydra
 12980 | Lair:3   | Killed a five-headed hydra
 12981 | Lair:3   | Reached skill level 5 in Dodging
 13242 | Lair:4   | Reached XP level 13. HP: 116/117 MP: 12/12
 13640 | Lair:4   | Received a gift from Trog
 13818 | D:11     | Identified the +1 scale mail of Quoclogg {Harm +Inv rF-
                  | MP+9}
 13936 | Lair:4   | You fall into a shaft and drop 2 floors!
 13936 | Lair:6   | Entered Level 6 of the Lair of Beasts
 14082 | Lair:6   | Reached skill level 17 in Axes
 14453 | Lair:6   | Noticed a dire elephant
 14468 | Lair:6   | Killed a dire elephant
 14778 | Lair:6   | Found a staircase to the Slime Pits.
 14809 | Lair:6   | Received a gift from Trog
 15104 | Lair:6   | Reached XP level 14. HP: 75/129 MP: 13/13
 16126 | Lair:6   | Found a burning altar of Makhleb.
 16141 | Lair:6   | Reached skill level 18 in Axes
 16154 | Lair:6   | Found a gateway to Hell.
 18871 | Orc:1    | Entered Level 1 of the Orcish Mines
 18930 | Orc:2    | Entered Level 2 of the Orcish Mines
 18945 | Orc:2    | Found a staircase to the Elven Halls.
 19107 | Orc:2    | Found Ytzurib's Armour Shop.
 19667 | Orc:2    | Reached skill level 19 in Axes
 19681 | Orc:2    | HP: 4/130 [orc priest/divine providence (11)]
 19724 | Orc:1    | HP: 6/132 [troll (10)]
 20439 | Orc:2    | HP: 5/132 [smoke demon/divine providence[an orc high
                  | priest] (13)]
 20443 | Orc:2    | Slain by an orc warrior

Illustrated notes

Levels and vault maps discovered:
D:1:      erik_arrival_cave_to_civilisation [erik_arrival_cave_to_temple],
          layout_basic, fountainhead, minmay_misc_feat_columns
D:2:      layout_loops_ring, basic_altar
D:3:      layout_loops_cross, bloody_trog, nicolae_ru_awakened_eye,
          ebering_ghost_sewer_f, chequers_serial_rivers_micro_c,
          minmay_increasing_density
D:4:      layout_basic, gammafunk_temple_overflow_forgotten
D:5:      layout_basic, chequers_temple_overflow_statue_of_worship,
          minmay_temple_entry_sparse_star, gammafunk_ghost_cemetery,
          uniq_sigmund
D:6:      layout_basic, evilmike_ruin_ashenzari, nicolae_tso_besieged_by_evil,
          gammafunk_ghost_smash, serial_shops, shop, kennysheep_generic_room_11,
          uniq_grinder
D:7:      layout_basic, lemuel_tele_altar, uniq_prince_ribbit1
D:8:      layout_loops_cross, marbit_many_paths, grunt_qazlal_clouds,
          serial_shops, shop, fountainhead
D:9:      layout_gridville, chequers_mini_garden
D:10:     gammafunk_cloud_chamber, layout_stronghold, zombieorc2_lemuel,
          minmay_misc_feat_chi
D:11:     layout_roguey, erik_lair_dragon, gammafunk_ghost_cemetery
Lair:1:   layout_chaotic_city, lemuel_fruit_tree
Lair:2:   lemuel_ratsnest, layout_regular_city, enter_volcano_2,
          grunt_forest_large_clearings, grunt_megastairs_3
Lair:3:   layout_cave_shapes, elwin_shoals_entry_rocks,
          spider_nest_entry_web_field, minmay_lair_oklob_chamber
Lair:4:   layout_loops_ring, chequers_serial_rivers_micro_d, grunt_megastairs_5,
          infiniplex_staircase_pool
Lair:5:   layout_big_grid, hibernation_bobbens
Lair:6:   evil_forest, layout_hall_layers, minmay_slime_entry_pillars,
          minivault_23, serial_bayou_shore_a, infiniplex_staircase_pool_2
Orc:1:    layout_caves
Orc:2:    st_orc_pillars, layout_caves, serial_shops, shop_statue, basic_altar

Skill      XL: |  1  2  3  4  5  6  7  8  9 10 11 12 13 14 |
---------------+-------------------------------------------+-----
Axes           | 4 5 6 7 8 10 11 13 14 16 17 19 | 19.1
Fighting       | 4 5 7 8 9 10 11 13 14 | 14.1
Armour         | 3 4 5 7 8 10 11 12 13 | 13.6
Dodging        | 3 4 5 |  5.2
Stealth        | 1 2 3 |  3.2
Shields        | 4 6 8 10 12 | 12.3
Evocations     | |  0.1

Action                   |  1- 3 |  4- 6 |  7- 9 | 10-12 | 13-15 || total
-------------------------+-------+-------+-------+-------+-------++-------
Melee: Hand axe          |    57 |   130 |   233 |       |       ||   420
       Headbutt          |     8 |    25 |    43 |    85 |    86 ||   247
       War axe           |       |       |    28 |   275 |       ||   303
       Broad axe         |       |       |       |   258 |   255 ||   513
       Executioner's axe |       |       |       |       |   268 ||   268
Invok: Berserk           |     2 |     3 |     7 |     7 |     8 ||    27
       Brothers in Arms  |       |       |     2 |     1 |     5 ||     8
       Trog's Hand       |       |       |       |       |     3 ||     3
Evoke: Piece from Xom's  |       |       |       |     1 |       ||     1
  Use: Scroll            |       |     4 |     3 |     8 |    13 ||    28
       Potion            |       |       |       |     1 |     8 ||     9
 Stab: Invisible         |       |       |       |       |     5 ||     5
Armor: Ring mail         |    25 |    22 |       |       |       ||    47
       Storm dragon scal |       |    34 |   162 |    70 |       ||   266
       Plate armour      |       |       |       |   187 |   319 ||   506
Dodge: Dodged            |    43 |    62 |    79 |   146 |   250 ||   580
Block: Kite shield       |       |       |    73 |   362 |   196 ||   631
       Reflection        |       |       |       |    11 |       ||    11

Table legend: (Time is in decaauts)
 A = Elapsed time spent in this place.
 B = Non-inter-level travel time spent in this place.
 C = Inter-level travel time spent in this place.
 D = Time resting spent in this place.
 E = Time spent auto-exploring this place.
 F = Levels seen in this place.
 G = Mean time per level.
                   A        B        C        D        E       F      G
               +--------+--------+--------+--------+--------+-----+--------+
         Total |  20677 |  19055 |   1622 |   1659 |  14200 |  19 | 1088.3 |
       Dungeon |  10791 |   9645 |   1146 |    328 |   7573 |  11 |  981.0 |
          Lair |   8293 |   7852 |    441 |   1073 |   5609 |   6 | 1382.2 |
  Orcish Mines |   1592 |   1558 |     34 |    258 |   1018 |   2 |  796.0 |
               +--------+--------+--------+--------+--------+-----+--------+

Top non-repeatable levels by time:
  Lair:6: 2633 daAuts
  Lair:5: 1508 daAuts
    D:11: 1393 daAuts
    D:10: 1242 daAuts
  Lair:3: 1206 daAuts
  Lair:2: 1162 daAuts
     D:5: 1053 daAuts
  Lair:4: 1045 daAuts
     D:3: 1023 daAuts
     D:9: 990 daAuts
     D:7: 981 daAuts
   Orc:2: 940 daAuts
     D:1: 931 daAuts
     D:2: 878 daAuts
     D:4: 842 daAuts
